[Event "Team 45 45 League T39"]
[Site "Internet Chess Club"]
[Date "2008.10.23"]
[Round "1"]
[White "Wheels"]
[Black "alo"]
[Result "1/2-1/2"]
[WhiteElo "1922"]
[BlackElo "1878"]
[Opening "Ruy Lopez: Anderssen variation"]
[ECO "C77"]
[Time "19:00:10"]
[TimeControl "2700+45"]

1. e4 e5 2. Nf3 Nc6 3. Bb5 a6 4. Ba4 Nf6 5. d3 b5 6. Bb3 d6 7. c3 Be7 8. O-O Bg4
9. Nbd2 O-O 10. Re1 Na5 11. Bc2 c5 12. h3 Bh5 13. Nf1 Re8 14. Ng3 Bg6 15. Nh4
Qc7 16. Nhf5 Bf8 17. Bg5 Nd7 18. Qf3 f6 19. Bd2 Nb6 20. h4 Rad8 21. Qg4 Kh8 22.
h5 Bf7 23. Kh2 d5 24. c4 Naxc4 25. dxc4 Nxc4 26. Bc1 d4 27. Bd3 Nb6 28. Bd2 c4
29. Rac1 Be6 30. Ba5 Qb7 31. Bb1 Rc8 {Game drawn by mutual agreement} 1/2-1/2

[Event "Team 45 45 League T39"]
[Site "Internet Chess Club"]
[Date "2008.10.25"]
[Round "1"]
[White "BRAINWAVE"]
[Black "Philly-Boy"]
[Result "0-1"]
[WhiteElo "1768"]
[BlackElo "1858"]
[Opening "Scandinavian (center counter) defense"]
[ECO "B01"]
[Time "14:03:44"]
[TimeControl "2700+45"]

1. e4 d5 2. e5 Bf5 3. d4 e6 4. Be2 c5 5. c3 Nc6 6. a3 Qb6 7. Nf3 Nh6 8. Bxh6
gxh6 9. b4 cxd4 10. cxd4 Rg8 11. Kf1 Rc8 12. Nc3 Be7 13. h4 Qd8 14. Qd2 h5 15.
g3 Rg6 16. Kg2 Nxb4 17. axb4 Bxb4 18. Rhc1 a5 19. Qb2 Bg4 20. Ng5 Rxc3 21. Bb5+
Rc6 22. Bxc6+ bxc6 23. Rxc6 Rxg5 24. hxg5 Qxg5 25. Rac1 Kf8 26. Qc2 Bf5 27. Qe2
h4 28. Rh1 Be4+ 29. Kh2 hxg3+ 30. Kh3 Qh6+ 31. Kxg3 Qxh1 32. Rc8+ Kg7 33. Qg4+
Bg6 34. Qf4 Qg1+ 35. Kh4 Be7+ 36. Kh3 Bf5+ 37. Qxf5 exf5 38. e6 Qg4+ 39. Kh2
Bd6+ 40. Kh1 Qh3+ 41. Kg1 Bh2+ 42. Kh1 Bg3+ {White resigns} 0-1

[Event "Team 45 45 League T39"]
[Site "Internet Chess Club"]
[Date "2008.10.24"]
[Round "1"]
[White "zeigmata"]
[Black "XelNaga"]
[Result "1/2-1/2"]
[WhiteElo "2388"]
[BlackElo "2426"]
[Opening "Caro-Kann: classical, Spassky variation"]
[ECO "B18"]
[Time "14:08:50"]
[TimeControl "2700+45"]

1. e4 c6 2. d4 d5 3. Nc3 dxe4 4. Nxe4 Bf5 5. Ng3 Bg6 6. Nf3 Nd7 7. h4 h6 8. h5
Bh7 9. Bd3 Bxd3 10. Qxd3 Ngf6 11. Bf4 e6 12. O-O-O Be7 13. Kb1 O-O 14. Ne4 Nxe4
15. Qxe4 Nf6 16. Qe2 Qd5 17. Ne5 Qe4 18. Qxe4 Nxe4 19. Rhe1 Nf6 20. g4 Rfd8 21.
f3 Rac8 22. c3 c5 23. dxc5 Bxc5 24. Rxd8+ Rxd8 25. Kc2 Nd5 26. Bd2 b5 27. Nd3
Be7 28. f4 Bd6 29. g5 hxg5 30. fxg5 Rc8 31. g6 Rc4 32. h6 gxh6 33. gxf7+ Kxf7
34. Bxh6 Rh4 35. Bd2 Rh2 36. Kc1 a5 37. b3 Kf6 38. c4 bxc4 39. bxc4 Nb4 40. Bxb4
Bxb4 41. Nxb4 axb4 42. Re3 Rxa2 43. Rb3 Ra4 44. Kb2 Ke5 45. Rd3 Ra8 46. Rb3 Kd4
47. Rxb4 e5 48. Kc2 Rc8 49. Kd2 Rh8 50. c5+ Kxc5 51. Ra4 Kd5 52. Ke3 Rh3+ 53.
Ke2 Rb3 54. Ra5+ Ke4 55. Ra4+ Kf5 56. Ra5 Kf4 57. Ra4+ e4 58. Ra8 Rb2+ 59. Ke1
Kf3 60. Re8 Ke3 61. Kd1 Rg2 62. Re7 Rg1+ 63. Kc2 Kf3 64. Kd2 Rg2+ 65. Ke1 Re2+
66. Kf1 Ra2 67. Ke1 Ke3 68. Kd1 Ra4 69. Re8 Rd4+ 70. Ke1 Rd5 71. Re7 Rh5 72. Kd1
Rh1+ 73. Kc2 Rf1 74. Re8 Rf4 75. Kd1 Kf2 76. Kd2 Kf3 77. Re7 Rf5 78. Re8 Rf4 79.
Re7 Rf5 80. Re8 Rf4 81. Re7 Rf5 82. Re8 Rf4 83. Re7 Rf5 {Game drawn by
repetition} 1/2-1/2

[Event "Team 45 45 League T39"]
[Site "Internet Chess Club"]
[Date "2008.10.25"]
[Round "1"]
[White "proudchess"]
[Black "Hesperus"]
[Result "1-0"]
[WhiteElo "2009"]
[BlackElo "1966"]
[Opening "Sicilian: dragon, Yugoslav attack, Rauser variation"]
[ECO "B76"]
[Time "13:20:09"]
[TimeControl "2700+45"]

1. e4 c5 2. Nf3 d6 3. d4 cxd4 4. Nxd4 Nf6 5. Nc3 g6 6. f3 Bg7 7. Be3 O-O 8. Qd2
Nc6 9. O-O-O d5 10. Nxc6 bxc6 11. e5 Ne8 12. f4 Qc7 13. h4 Rb8 14. h5 Qb7 15. b3
Qb4 16. hxg6 fxg6 17. Ne2 Qa3+ 18. Kb1 Nd6 19. Qe1 Ne4 20. Nd4 Bg4 21. Be2 Bxe2
22. Nxe2 a5 23. Qh4 h6 24. Qg4 a4 25. Bc1 Qc5 26. Qxg6 axb3 27. axb3 Nf2 28.
Rxh6 Nxd1 29. Qh7+ Kf7 30. e6+ Ke8 31. Qxg7 {Black resigns} 1-0

[Event "Team 45 45 League T39"]
[Site "Internet Chess Club"]
[Date "2008.11.01"]
[Round "1"]
[White "KNVB"]
[Black "ET3000"]
[Result "1-0"]
[WhiteElo "2353"]
[BlackElo "1987"]
[Opening "QGD: exchange, positional line, 5...c6"]
[ECO "D35"]
[Time "20:00:33"]
[TimeControl "2700+45"]

1. d4 d5 2. c4 e6 3. Nc3 Nf6 4. cxd5 exd5 5. Bg5 c6 6. e3 Bd6 7. Bd3 h6 8. Bh4
O-O 9. Qc2 Re8 10. Nge2 Bg4 11. h3 Bxe2 12. Nxe2 Nbd7 13. O-O Rc8 14. Bf5 Rc7
15. Rac1 Qb8 16. Bg3 Bxg3 17. Nxg3 Nb6 18. Rfd1 Nc4 19. Bd3 Nd6 20. a4 Nfe4 21.
Nxe4 Nxe4 22. b4 a6 23. b5 axb5 24. axb5 Qc8 25. Qb2 Qe6 26. bxc6 bxc6 27. Qb6
Qd7 28. Rc2 Nd6 29. Rdc1 Nc8 30. Qa5 Ne7 31. Qc5 f5 32. Ra2 g6 33. Rca1 Rb8 34.
Ra7 Rbb7 35. Rxb7 Rxb7 36. Ra8+ Kg7 37. Ba6 Rc7 38. Qb6 Ng8 39. Bc8 Qe7 40. Be6
Nf6 41. Qb8 g5 42. Bxf5 Rb7 43. Qh8+ Kf7 44. Qxh6 {Black resigns} 1-0

[Event "Team 45 45 League T39"]
[Site "Internet Chess Club"]
[Date "2008.10.26"]
[Round "1"]
[White "snottgoblin"]
[Black "Zumbi"]
[Result "1-0"]
[WhiteElo "2041"]
[BlackElo "2109"]
[Opening "Ruy Lopez: Berlin defense, open variation"]
[ECO "C67"]
[Time "16:00:22"]
[TimeControl "2700+45"]

1. e4 e5 2. Nf3 Nc6 3. Bb5 Nf6 4. O-O Nxe4 5. Re1 Nd6 6. Nxe5 Be7 7. Ba4 O-O 8.
d4 Nf5 9. Nf3 d5 10. Bf4 Bf6 11. c3 Be6 12. Nbd2 Nh4 13. Nxh4 Bxh4 14. Nf3 Bf6
15. Bc2 Ne7 16. Ng5 Bf5 17. Bxf5 Nxf5 18. Nxh7 Kxh7 19. Qh5+ Nh6 20. Re3 Rh8 21.
Bxh6 gxh6 22. Qxf7+ Bg7 23. Qf5+ Kg8 24. Rae1 Qd6 25. Re8+ Rxe8 26. Rxe8+ Bf8
27. Re6 Qd8 28. Qg6+ Bg7 29. Re8+ Qxe8 30. Qxe8+ Kh7 31. Qe6 c6 32. Qf5+ Kg8 33.
Qc8+ Kh7 34. Qxb7 Re8 35. g3 {Black resigns} 1-0

[Event "Team 45 45 League T39"]
[Site "Internet Chess Club"]
[Date "2008.10.25"]
[Round "1"]
[White "playwaycool"]
[Black "Kingmaker"]
[Result "0-1"]
[WhiteElo "2050"]
[BlackElo "1993"]
[Opening "Trompowsky attack (Ruth, Opocenský opening)"]
[ECO "A45"]
[Time "17:00:20"]
[TimeControl "2700+45"]

1. d4 Nf6 2. Bg5 d5 3. Bxf6 exf6 4. e3 c5 5. dxc5 Bxc5 6. Nf3 O-O 7. c3 Nc6 8.
Be2 Bf5 9. Nbd2 Re8 10. O-O Ne5 11. Nb3 Bb6 12. Nxe5 fxe5 13. Bf3 Be6 14. Qd2
Qg5 15. Bxd5 Rad8 16. e4 Qxd2 17. Nxd2 Bxd5 18. exd5 Rxd5 19. Nc4 Bc7 20. Rfd1
Red8 21. Ne3 Rxd1+ 22. Rxd1 Rxd1+ 23. Nxd1 Bb6 24. Ne3 Bxe3 25. fxe3 f5 26. Kf2
Kf7 27. e4 g6 28. Ke3 Ke6 29. b4 b5 30. g3 Kd6 31. h3 h5 32. h4 a6 33. Kd3 Kc6
34. Ke3 Kd6 35. Kd3 fxe4+ 36. Kxe4 Ke6 37. c4 bxc4 38. a4 Kd6 39. Kf3 c3 40. Ke2
e4 41. Ke3 Kd5 42. Ke2 Kc4 43. b5 axb5 44. a5 Kc5 45. Ke3 b4 46. g4 hxg4 47. h5
gxh5 {White resigns} 0-1

[Event "Team 45 45 League T39"]
[Site "Internet Chess Club"]
[Date "2008.10.25"]
[Round "1"]
[White "jefferyx"]
[Black "Speedy-Reedy"]
[Result "0-1"]
[WhiteElo "1909"]
[BlackElo "1911"]
[Opening "Pirc: 150 attack"]
[ECO "B07"]
[Time "14:00:49"]
[TimeControl "2700+45"]

1. e4 d6 2. d4 Nf6 3. Nc3 g6 4. Be3 c6 5. Qd2 Nbd7 6. O-O-O b5 7. a3 a5 8. e5 b4
9. exf6 bxc3 10. Qxc3 Nxf6 11. Qxc6+ Bd7 12. Qc3 Rc8 13. Qe1 Bg7 14. Nf3 O-O 15.
Bd3 Qb6 16. Kb1 Rb8 17. Bc1 Bh6 18. Nd2 Be6 19. Bc4 Bxd2 20. Qxd2 Bxc4 21. f3
Nd5 22. Rde1 Rfc8 23. Ka1 Ba6 24. h4 Rc4 25. Re4 f5 26. Ree1 Qxd4 27. Qxd4 Rxd4
28. Rd1 Rxd1 29. Rxd1 Nf6 30. Re1 Kf7 31. Bg5 Rc8 32. Kb1 Rc5 33. Be3 Re5 34.
Bd2 Rxe1+ 35. Bxe1 a4 36. b3 axb3 37. cxb3 Bf1 38. g3 Bg2 39. f4 e5 40. fxe5
dxe5 41. b4 Bc6 42. Kc2 Ba4+ 43. Kc3 Ne4+ 44. Kc4 Ke6 45. b5 Nd6+ {White
resigns} 0-1

[Event "Team 45 45 League T39"]
[Site "Internet Chess Club"]
[Date "2008.10.26"]
[Round "1"]
[White "Capamuerte"]
[Black "cillu"]
[Result "1/2-1/2"]
[WhiteElo "2259"]
[BlackElo "2199"]
[Opening "English opening"]
[ECO "A20"]
[Time "15:09:30"]
[TimeControl "2700+45"]

1. c4 e5 2. e4 Nc6 3. Nc3 Bc5 4. a3 a5 5. Nf3 d6 6. h3 Nge7 7. Nb5 O-O 8. Be2 f5
9. d3 h6 10. O-O Be6 11. b3 Qd7 12. Rb1 fxe4 13. dxe4 Ng6 14. Bd2 Nf4 15. b4
axb4 16. axb4 Bb6 17. Re1 Bxh3 18. Bxf4 Rxf4 19. c5 dxc5 20. bxc5 Bxc5 21. Qxd7
Bxd7 22. Nxc7 Rb8 23. Bc4+ Kh8 24. Bd5 Rf6 25. Rec1 b6 26. Na6 Rc8 27. Nxc5 bxc5
28. Rxc5 Re8 29. Nh4 Nd4 30. Rb7 Bc6 31. Bxc6 Rxc6 32. Rxc6 Nxc6 33. Nf5 Nd4 34.
Nxg7 Rg8 35. Nh5 Rg6 {Game drawn by mutual agreement} 1/2-1/2

[Event "Team 45 45 League T39"]
[Site "Internet Chess Club"]
[Date "2008.10.22"]
[Round "1"]
[White "Squeaker"]
[Black "ranaamasonika"]
[Result "0-1"]
[WhiteElo "2033"]
[BlackElo "2172"]
[Opening "Dutch: Staunton gambit, Chigorin variation"]
[ECO "A83"]
[Time "20:02:09"]
[TimeControl "2700+45"]

1. d4 f5 2. e4 fxe4 3. Nc3 Nf6 4. Bg5 c6 5. f3 e3 6. Bd3 Qa5 7. f4 g6 8. h4 Nd5
9. Ne2 d6 10. h5 gxh5 11. Rxh5 Bg4 12. Bg6+ Kd8 13. Rxh7 Rxh7 14. Bxh7 Bxe2 15.
Kxe2 Nxc3+ 16. bxc3 Qxc3 17. Rb1 Kc7 18. Rb3 Qc4+ 19. Qd3 Qa4 20. Qxe3 Nd7 21.
Bxe7 Bg7 22. Kf3 Bxd4 23. Bxd6+ Kxd6 24. Rd3 c5 25. c3 Rh8 26. cxd4 Rxh7 27. Qe4
c4 28. d5 Qc2 29. Qg6+ Kc5 30. Qxh7 Qxd3+ 31. Qxd3 cxd3 32. Ke3 Kc4 33. Kd2 Nf6
34. f5 Ne4+ 35. Ke3 d2 36. Kxe4 d1=Q 37. f6 Qxd5+ 38. Kf4 Qxg2 39. Kf5 Qg8 40.
Ke5 Kc5 41. a4 a5 42. Kf5 Kd5 43. Kf4 Qe6 44. Kg5 Ke5 45. Kh6 Qxf6+ 46. Kh7 Qg5
47. Kh8 Kf6 48. Kh7 Qg7# {White checkmated} 0-1

[Event "Team 45 45 League T39"]
[Site "Internet Chess Club"]
[Date "2008.10.26"]
[Round "1"]
[White "menorca"]
[Black "emerald"]
[Result "1-0"]
[WhiteElo "2182"]
[BlackElo "2040"]
[Opening "QGD: Chigorin defense"]
[ECO "D07"]
[Time "07:55:38"]
[TimeControl "2700+45"]

1. d4 d5 2. c4 Nc6 3. Nc3 e5 4. cxd5 Nxd4 5. e3 Nf5 6. Nf3 f6 7. Bb5+ Bd7 8. Qb3
Nd6 9. Bxd7+ Qxd7 10. O-O Nh6 11. e4 Nhf7 12. Be3 Be7 13. Nd2 O-O 14. Rac1 Kh8
15. Nc4 Nxc4 16. Qxc4 Nd6 17. Qa4 b5 18. Qa5 a6 19. Ne2 Rfc8 20. Rc6 Nb7 21. Qd2
Nd8 22. Rc2 Bd6 23. Rfc1 Qe7 24. Bc5 Bxc5 25. Rxc5 Nb7 26. Rc6 Nd6 27. Qb4 Qd7
28. f3 g6 29. b3 Nb7 30. Rxf6 a5 31. Qc3 Re8 {Black resigns} 1-0

[Event "Team 45 45 League T39"]
[Site "Internet Chess Club"]
[Date "2008.10.24"]
[Round "1"]
[White "Gail"]
[Black "Checkmates"]
[Result "1-0"]
[WhiteElo "2461"]
[BlackElo "2385"]
[Opening "King's Indian: orthodox variation"]
[ECO "E94"]
[Time "16:54:16"]
[TimeControl "2700+45"]

1. d4 Nf6 2. Nf3 g6 3. c4 Bg7 4. Nc3 O-O 5. e4 d6 6. Be2 e5 7. O-O Na6 8. Be3
Ng4 9. Bg5 f6 10. Bc1 exd4 11. Nxd4 f5 12. h3 Ne5 13. exf5 gxf5 14. f4 Ng6 15.
Be3 Re8 16. Qd2 c6 17. Rad1 Qe7 18. Nc2 Nb4 19. Rf3 a5 20. Nd4 Bd7 21. a3 Na6
22. Nb3 Rad8 23. Bb6 Bxc3 24. Bxd8 Bxd2 25. Bxe7 Bxf4 26. Bxd6 Bh6 27. Bd3 Nh4
28. Rff1 a4 29. Nc1 Be3+ 30. Kh2 Nc5 31. Bxc5 Bxc5 32. g3 Ng6 33. Bxf5 Bxf5 34.
Rxf5 b6 35. Kg2 Re7 36. h4 Re4 37. h5 Ne5 38. Rf4 Rxc4 39. Rxc4 Nxc4 40. Rd8+
Kg7 41. Nd3 Be3 42. Ra8 b5 43. Rc8 Bd4 44. Rxc6 Nxb2 45. Nc5 Kf7 46. Ne6 Be5 47.
Ng5+ Kg7 48. h6+ Kf8 49. Nxh7+ Ke7 50. Ng5 Nc4 51. h7 Nd6 52. Rxd6 Kxd6 53. Nf7+
{Black resigns} 1-0

[Event "Team 45 45 League T39"]
[Site "Internet Chess Club"]
[Date "2008.10.25"]
[Round "1"]
[White "Zkid"]
[Black "Road-Runner"]
[Result "1-0"]
[WhiteElo "2175"]
[BlackElo "2295"]
[Opening "Four knights: Schultze-Müller gambit"]
[ECO "C47"]
[Time "11:37:12"]
[TimeControl "2700+45"]

1. e4 e5 2. Nf3 Nc6 3. Nc3 Nf6 4. Nxe5 Nxe5 5. d4 Ng6 6. e5 Ng8 7. Bc4 Bb4 8.
Qf3 Qe7 9. O-O Bxc3 10. bxc3 Nh6 11. Qd3 Qh4 12. f4 f5 13. exf6 Qxf6 14. Qe2+
Ne7 15. f5 d6 16. Qh5+ Kd8 17. Bg5 Qf8 18. f6 gxf6 19. Rxf6 {Black resigns} 1-0

[Event "Team 45 45 League T39"]
[Site "Internet Chess Club"]
[Date "2008.10.25"]
[Round "1"]
[White "Petrozjan"]
[Black "Elddir"]
[Result "1/2-1/2"]
[WhiteElo "2147"]
[BlackElo "2103"]
[Opening "Bogo-Indian defense, Nimzovich variation"]
[ECO "E11"]
[Time "13:05:18"]
[TimeControl "2700+45"]

1. d4 Nf6 2. Nf3 e6 3. c4 Bb4+ 4. Bd2 Qe7 5. g3 Nc6 6. Nc3 O-O 7. Bg2 Bxc3 8.
Bxc3 Ne4 9. Rc1 Nxc3 10. Rxc3 d6 11. Qd2 e5 12. d5 Nb8 13. O-O f5 14. Qg5 Qf7
15. Ne1 a5 16. f4 e4 17. Nc2 Na6 18. Nd4 Nc5 19. g4 Bd7 20. Rg3 Qf6 21. Qxf6
Rxf6 22. gxf5 {Game drawn by mutual agreement} 1/2-1/2

[Event "Team 45 45 League T39"]
[Site "Internet Chess Club"]
[Date "2008.10.23"]
[Round "1"]
[White "JCMDonet"]
[Black "adh2050"]
[Result "1-0"]
[WhiteElo "1968"]
[BlackElo "1945"]
[Opening "Réti opening"]
[ECO "A05"]
[Time "21:23:38"]
[TimeControl "2700+45"]

1. Nf3 Nf6 2. g3 d5 3. Bg2 Bf5 4. O-O h6 5. d3 Nc6 6. Nbd2 e6 7. c3 Be7 8. Qc2
O-O 9. e4 Bh7 10. Re1 Re8 11. e5 Nd7 12. Nb3 a5 13. Qe2 a4 14. Nbd4 Na5 15. Nb5
Nc5 16. Rd1 c6 17. Nbd4 Qc7 18. h4 b5 19. Bf4 Rab8 20. Nc2 Nd7 21. Nb4 Qb7 22.
d4 c5 23. dxc5 Nxc5 24. Nd4 Ne4 25. Qg4 Kh8 26. f3 Nc5 27. Bf1 Qd7 28. Rac1 Nc4
29. Nbc6 Nxb2 30. Nxb8 Rxb8 31. Rd2 Ncd3 32. Bxd3 Nxd3 33. Rcd1 Nxf4 34. Qxf4
Bc5 35. Kh1 a3 36. Nb3 Be7 37. Qxf7 Rf8 38. Qh5 Rxf3 39. Qxf3 Be4 40. Qxe4
{Black resigns} 1-0

[Event "Team 45 45 League T39"]
[Site "Internet Chess Club"]
[Date "2008.10.26"]
[Round "1"]
[White "eurander"]
[Black "therealwizard"]
[Result "1-0"]
[WhiteElo "2229"]
[BlackElo "2179"]
[Opening "Queen's pawn game, Darooha variation "]
[ECO "D02"]
[Time "14:00:23"]
[TimeControl "2700+45"]

1. d4 d5 2. Nf3 Nf6 3. c3 c5 4. dxc5 e6 5. b4 a5 6. Qb3 axb4 7. cxb4 Nc6 8. e3
b6 9. Bb5 Bd7 10. Bxc6 Bxc6 11. b5 Bb7 12. c6 Bc8 13. Nc3 Bc5 14. O-O O-O 15. a4
Re8 16. Rd1 h5 17. Ba3 Bxa3 18. Rxa3 Ra5 19. Qb4 e5 20. Ra2 e4 21. Nd4 Ng4 22.
h3 Ne5 23. Nb3 Qg5 24. Rxd5 Nf3+ 25. Kh1 Qh4 26. Rd7 Ra7 27. Nd4 Ne1 28. Qb1
Nxg2 29. Kxg2 Bxd7 30. cxd7 Rxd7 31. a5 Qg5+ 32. Kf1 Qh4 33. Kg2 Qg5+ 34. Kh1
Rxd4 35. exd4 Qf4 36. Nd5 Qf3+ 37. Kh2 bxa5 38. b6 {Black resigns} 1-0

[Event "Team 45 45 League T39"]
[Site "Internet Chess Club"]
[Date "2008.10.27"]
[Round "1"]
[White "SONIA"]
[Black "Gil-galad"]
[Result "0-1"]
[WhiteElo "1947"]
[BlackElo "2093"]
[Opening "French: exchange variation"]
[ECO "C01"]
[Time "14:57:20"]
[TimeControl "2700+45"]

1. e4 e6 2. d4 d5 3. exd5 exd5 4. Nc3 Bb4 5. Bd3 Nc6 6. Ne2 Nge7 7. O-O Bg4 8.
f3 Bf5 9. a3 Bxc3 10. bxc3 O-O 11. Ng3 Bxd3 12. cxd3 Qd7 13. Rb1 b6 14. f4 Nf5
15. Qg4 Nce7 16. Re1 Rad8 17. Nh5 Ng6 18. Bd2 Nd6 19. Qf3 c6 20. g4 f5 21. g5
Rde8 22. Re5 Nxe5 23. fxe5 Nf7 24. Qg3 Nh8 25. Kh1 Qf7 26. Qh3 Ng6 27. Bf4 Qe7
28. Rg1 c5 29. Nf6+ gxf6 30. gxf6 Qe6 31. Qh6 Qf7 32. h4 Kh8 33. Bh2 Rg8 34. Qh5
cxd4 35. cxd4 Rc8 36. Re1 Rce8 37. Qxf5 Nxh4 38. Qh3 Ng6 39. Bg1 Nf8 40. Be3 Ne6
41. Qf3 Rd8 {White resigns} 0-1

[Event "Team 45 45 League T39"]
[Site "Internet Chess Club"]
[Date "2008.10.22"]
[Round "1"]
[White "parrot9"]
[Black "The7thGuest"]
[Result "1/2-1/2"]
[WhiteElo "1707"]
[BlackElo "2069"]
[Opening "Modern defense"]
[ECO "A40"]
[Time "14:19:51"]
[TimeControl "2700+45"]

1. d4 g6 2. c4 f5 3. Nc3 Bg7 4. e4 fxe4 5. Nxe4 d5 6. Nc3 Nf6 7. Nf3 O-O 8. Bf4
c6 9. Bd3 Bg4 10. Be5 Bxf3 11. gxf3 dxc4 12. Bxc4+ Kh8 13. f4 Nh5 14. Qd2 Nd7
15. Be2 Nxe5 16. fxe5 {Game drawn by mutual agreement} 1/2-1/2

[Event "Team 45 45 League T39"]
[Site "Internet Chess Club"]
[Date "2008.10.23"]
[Round "1"]
[White "easycure"]
[Black "Uwak"]
[Result "0-1"]
[WhiteElo "2394"]
[BlackElo "2333"]
[Opening "King's Indian: orthodox, Aronin-Taimanov, bayonet attack"]
[ECO "E97"]
[Time "22:00:11"]
[TimeControl "2700+45"]

1. d4 Nf6 2. c4 g6 3. Nc3 Bg7 4. e4 d6 5. Nf3 O-O 6. Be2 e5 7. O-O Nc6 8. d5 Ne7
9. b4 a5 10. Ba3 axb4 11. Bxb4 Nd7 12. a4 Bh6 13. Nd2 f5 14. Nb3 Nf6 15. f3 c5
16. Ba3 Be3+ 17. Kh1 fxe4 18. fxe4 Bd4 19. Nxd4 exd4 20. e5 dxe5 21. Rxf6 Rxf6
22. Ne4 Rf7 23. Bxc5 Nf5 24. Qd2 Qh4 25. Bf3 Ne3 26. Nd6 Rf8 27. Ne4 Rf5 28. Nd6
Rxa4 29. Rxa4 Nf1 30. g3 Nxg3+ 31. Kg2 Nf1 32. Nxf5 Qxh2+ 33. Kxf1 Qxd2 34. Ne7+
Kg7 35. Nxc8 Qc1+ 36. Kf2 Qc2+ 37. Kg3 Qxa4 38. d6 h5 39. Nb6 Qa5 40. d7 Qe1+
41. Kg2 Qd2+ 42. Kh3 Qg5 43. Kh2 h4 44. Bd5 d3 45. Be3 Qg3+ 46. Kh1 Qh3+ {White
resigns} 0-1

[Event "Team 45 45 League T39"]
[Site "Internet Chess Club"]
[Date "2008.10.27"]
[Round "1"]
[White "searchforbobby1"]
[Black "DTK"]
[Result "1/2-1/2"]
[WhiteElo "2245"]
[BlackElo "2181"]
[Opening "French: Steinitz variation"]
[ECO "C11"]
[Time "21:11:26"]
[TimeControl "2700+45"]

1. e4 e6 2. d4 d5 3. Nc3 Nf6 4. e5 Nfd7 5. f4 c5 6. Nf3 Nc6 7. Ne2 Qb6 8. c3 f6
9. a3 Be7 10. h4 O-O 11. Rh3 cxd4 12. cxd4 a5 13. b3 Qa7 14. Ra2 b5 15. Nc3 b4
16. Nb5 Qb6 17. a4 Ba6 18. Be3 Rac8 19. Bd3 Na7 20. Ng5 fxg5 21. Bxh7+ Kxh7 22.
hxg5+ Kg8 23. Qh5 Rf5 24. Nxa7 {Game drawn by mutual agreement} 1/2-1/2

[Event "Team 45 45 League T39"]
[Site "Internet Chess Club"]
[Date "2008.10.25"]
[Round "1"]
[White "Ser-Enigma"]
[Black "keisher415"]
[Result "0-1"]
[WhiteElo "2163"]
[BlackElo "2106"]
[Opening "Sicilian: Grand Prix attack"]
[ECO "B23"]
[Time "14:07:05"]
[TimeControl "2700+45"]

1. e4 c5 2. Nc3 Nc6 3. f4 g6 4. Nf3 Bg7 5. Bb5 Nd4 6. O-O Nxb5 7. Nxb5 d6 8. d3
Nf6 9. Nc3 O-O 10. Qe1 Bg4 11. Qh4 Bxf3 12. Rxf3 e6 13. f5 Nd7 14. Qh3 exf5 15.
exf5 Re8 16. Bh6 Bd4+ 17. Kh1 Ne5 18. Rff1 Bxc3 19. bxc3 Rc8 20. Qg3 b5 21. fxg6
fxg6 22. d4 Nf7 23. Be3 Qd7 24. h4 Re4 25. h5 Qg4 26. Qxg4 Rxg4 27. hxg6 hxg6
28. Rab1 a6 29. a4 bxa4 30. dxc5 dxc5 31. Rb6 Ne5 32. Rxa6 Re4 33. Bg5 Rf8 34.
Ra1 Rf5 35. Bd8 Re2 36. R6xa4 Rxc2 37. Ra8 Kg7 38. R1a7+ Kh6 39. Bh4 Kh5 40.
Rh7+ Kg4 41. Ra1 g5 42. Bxg5 Rxg5 43. Rh3 Rh5 44. Rxh5 Kxh5 45. Re1 Ng4 46. g3
Nf2+ 47. Kg1 Nh3+ 48. Kh1 Ng5 49. Re3 Kg4 50. Kg1 Nf3+ 51. Kf1 Kxg3 52. c4 Rf2#
{White checkmated} 0-1

[Event "Team 45 45 League T39"]
[Site "Internet Chess Club"]
[Date "2008.10.27"]
[Round "1"]
[White "nardz"]
[Black "jorobo"]
[Result "0-1"]
[WhiteElo "2115"]
[BlackElo "2148"]
[Opening "QGD: Tarrasch, Folkestone (Swedish) variation"]
[ECO "D33"]
[Time "07:00:06"]
[TimeControl "2700+45"]

1. d4 d5 2. c4 e6 3. cxd5 exd5 4. Nc3 c5 5. Nf3 Nc6 6. g3 c4 7. Bg2 Bb4 8. O-O
Nge7 9. h3 O-O 10. Ne1 Be6 11. Nc2 Ba5 12. Kh2 a6 13. f4 b5 14. Ne3 f6 15. f5
Bf7 16. Ng4 Bb6 17. e3 Ra7 18. Qf3 Rd7 19. Nf2 Bc7 20. Kg1 Bb8 21. Ne2 Qc7 22.
Bd2 Re8 23. h4 Nc8 24. Qg4 h5 25. Qf3 Nd6 26. Bh3 Ne7 27. a4 Qb7 28. axb5 axb5
29. Kh1 Rc8 30. Rg1 b4 31. g4 hxg4 32. Qxg4 Nexf5 33. Nf4 c3 34. bxc3 bxc3 35.
Bc1 Be8 36. Nh5 Rf7 37. Qg6 Qc7 38. Nxf6+ Rxf6 39. Qxf6 Ne4 40. Qe5 Nxf2+ 41.
Kg2 Qxe5 42. dxe5 Nxh3 43. Kxh3 Bxe5 44. Rg5 Bf6 45. Rg1 Nxh4 46. Ra6 Bd7+ 47.
Kg3 Nf5+ 48. Kf3 Kf7 49. Ba3 c2 50. Ra5 d4 51. e4 d3 52. Rd5 Nd4+ 53. Ke3 Be6
54. Rxd4 Bxd4+ 55. Kxd4 d2 {White resigns} 0-1

[Event "Team 45 45 League T39"]
[Site "Internet Chess Club"]
[Date "2008.10.26"]
[Round "1"]
[White "pestka"]
[Black "gyoung"]
[Result "0-1"]
[WhiteElo "2218"]
[BlackElo "2253"]
[Opening "Dutch, Manhattan (Alapin, Ulvestad) variation"]
[ECO "A80"]
[Time "16:03:02"]
[TimeControl "2700+45"]

1. d4 f5 2. Qd3 d5 3. Bf4 Nf6 4. e3 e6 5. Nf3 b6 6. Ne5 Ba6 7. Qxa6 Bb4+ 8. c3
Nxa6 9. Bxa6 Bd6 10. Nc6 Qd7 11. Bb7 O-O 12. Bxa8 Rxa8 13. Ne5 Qb5 14. b3 Nh5
15. Nd2 Nxf4 16. exf4 Bxe5 17. fxe5 c5 18. dxc5 Qxc5 19. c4 Qd4 20. O-O-O Qa1+
21. Kc2 Qxa2+ 22. Kc3 Qa5+ 23. Kc2 d4 24. f4 Qc3+ 25. Kb1 a5 26. Rhf1 a4 {White
resigns} 0-1

[Event "Team 45 45 League T39"]
[Site "Internet Chess Club"]
[Date "2008.10.24"]
[Round "1"]
[White "f5"]
[Black "Kolibri"]
[Result "1/2-1/2"]
[WhiteElo "2184"]
[BlackElo "2070"]
[Opening "French: Rubinstein variation"]
[ECO "C10"]
[Time "14:31:25"]
[TimeControl "2700+45"]

1. e4 e6 2. d4 d5 3. Nc3 dxe4 4. Nxe4 Nf6 5. Bg5 Be7 6. Bxf6 Bxf6 7. Nf3 O-O 8.
c3 b6 9. Bd3 Bb7 10. Qe2 Nd7 11. O-O Be7 12. Rad1 Nf6 13. Nxf6+ Bxf6 14. Be4
Bxe4 15. Qxe4 Qd5 16. Qb1 Rfd8 17. b3 Qa5 18. Rd3 Rd7 19. Nd2 Qf5 20. Re1 c5 21.
Ne4 Be7 22. Rf3 Qd5 23. dxc5 Bxc5 24. Rh3 Qf5 25. Nxc5 Qxb1 26. Rxb1 bxc5 27.
Rh4 Rad8 28. g3 Rd2 29. Ra4 R8d7 30. c4 e5 31. Ra5 Rc7 32. Kf1 f6 33. Ke1 Rd4
34. f3 Kf7 35. Ke2 Ke7 36. Rc1 Kd6 37. Rc3 Kc6 38. Ra6+ Kb7 39. Re6 Rcd7 40. Rc2
a5 41. h3 R4d6 42. Rxd6 Rxd6 43. g4 g6 44. h4 Rd4 45. Ke3 Kc6 46. Rg2 Kd6 47. h5
g5 48. Rc2 Kc6 49. Rc3 Kb6 50. Rd3 Kc6 51. h6 Kd6 52. Rxd4+ exd4+ 53. Ke4 Kc6
54. Kd3 Kb6 55. Ke4 Kc6 56. Kd3 Kb6 57. Ke4 Kc6 58. Kd3 Kb6 {Game drawn by
repetition} 1/2-1/2